 Dungeon Crawl Stone Soup version 0.27-a0-1046-g98bf31544f (webtiles) character file.

Game seed: 4343869736430752690

20075 sizableburger the Thrower (level 12, 81/81 HPs)
             Began as a Mummy Hunter on Apr 20, 2021.
             Was a High Priest of Hepliaklqana.
             Quit the game on level 4 of the Lair of Beasts.
             The game lasted 01:13:23 (25134 turns).

sizableburger the Thrower (Mummy Hunter)           Turns: 25134, Time: 01:13:23

Health: 81/81      AC:  9    Str: 16    XL:     12   Next: 42%
Magic:  23/23      EV: 13    Int: 14    God:    Hepliaklqana [*****.]
Gold:   693        SH:  5    Dex: 13    Spells: 10/25 levels left

rFire    x . .     SeeInvis .   d - +3 dagger (venom)
rCold    + + .     Faith    .   o - +0 buckler
rNeg     + + +     Spirit   +   E - +2 robe {rC+}
rPois    ∞         Reflect  .   (no helmet)
rElec    .         Harm     .   n - +1 cloak
rCorr    .         Rampage  .   k - +2 pair of gloves
Will     +....                  (no boots)
Stlth    +.........             a - amulet of guardian spirit
HPRegen  0.23/turn              h - ring of flight
MPRegen  0.18/turn              (no ring)

@: flying, studying Throwing
A: reduced essence, cold resistance 1, negative energy resistance 3, torment
resistance 2, unbreathing 1, heat vulnerability 1, no potions
a: Renounce Religion, Recall Ancestor, Ancestor Identity, Transference, Idealise


You were on level 4 of the Lair of Beasts.
You worshipped Hepliaklqana.
Hepliaklqana was extremely pleased with you.
You visited 3 branches of the dungeon, and saw 15 of its levels.

You collected 693 gold pieces.

Inventory:

Hand Weapons
 d - a +3 dagger of venom (weapon)
 i - a +0 hunting sling
 B - a +0 rapier of venom
Missiles
 g - 2 boomerangs
 j - 214 stones
 m - 19 poisoned darts
 x - 53 sling bullets
 A - 2 javelins (quivered)
 C - 2 throwing nets
Armour
 b - a +0 leather armour
 k - a +2 pair of gloves (worn)
 n - a +1 cloak (worn)
 o - a +0 buckler (worn)
 w - a scarf of invisibility
 E - a +2 robe of cold resistance (worn)
Jewellery
 a - an amulet of guardian spirit (around neck)
 h - a ring of flight (left hand)
 u - an amulet of faith
 y - a ring of ice
 D - a ring of ice
Wands
 e - a wand of flame (14)
 v - a wand of iceblast (3)
 z - a wand of digging (8)
Scrolls
 f - 2 scrolls of amnesia
 l - 2 scrolls of fog
 p - 2 scrolls of noise
 q - 2 scrolls of magic mapping
 r - 2 scrolls of holy word
 s - 7 scrolls of identify
 t - a scroll of silence


   Skills:
 - Level 7.6 Fighting
 - Level 6.4 Short Blades
 - Level 2.4(6.7) Slings
 - Level 9.9(10.0) Throwing
 + Level 3.4 Dodging
 - Level 0.7 Stealth
 - Level 4.0 Shields
 - Level 7.3 Spellcasting
 + Level 6.5 Hexes
 + Level 1.0 Necromancy
 + Level 5.4 Ice Magic
 - Level 2.4 Invocations
 - Level 6.7 Evocations


You had 10 spell levels left.
You knew the following spells:

 Your Spells              Type           Power      Damage    Failure   Level
a - Confusing Touch       Hex            23%        N/A       2%          3
b - Tukima's Dance        Hex            23%        N/A       2%          3
c - Ensorcelled Hibernat  Hex/Ice        42%        N/A       1%          2
d - Metabolic Englaciati  Hex/Ice        10%        N/A       32%         5
e - Corpse Rot            Necr/Air       N/A        N/A       17%         2

Your spell library contained the following spells:

 Spells                   Type           Power      Damage    Failure   Level
 Corona                   Hex            25%        N/A       1%          1
 Animate Skeleton         Necr           16%        N/A       9%          1
 Dazzling Flash           Conj/Hex       28%        N/A       11%         3
 Summon Guardian Golem    Hex/Summ       14%        N/A       11%         3
 Apportation              Tloc           10%        N/A       14%         1
 Magic Dart               Conj           20%        1d4       14%         1
 Summon Small Mammal      Summ           20%        N/A       14%         1
 Call Imp                 Summ           5%         N/A       21%         2
 Searing Ray              Conj           10%        3d3       21%         2
 Fulminant Prism          Conj/Hex       7%         3d7       34%         4
 Call Canine Familiar     Summ           5%         N/A       38%         3
 Gell's Gravitas          Tloc           2%         N/A       38%         3
 Summon Ice Beast         Ice/Summ       12%        N/A       41%         4
 Dispel Undead            Necr           8%         3d8       65%         4
 Yara's Violent Unravell  Hex/Tmut       7%         3d5       69%         5
 Iskenderun's Mystic Bla  Conj/Tloc      5%         2d3       80%         4
 Petrify                  Tmut/Erth      5%         N/A       80%         4
 Summon Lightning Spire   Summ/Air       5%         N/A       80%         4
 Agony                    Necr           8%         N/A       94%         5
 Excruciating Wounds      Necr           4%         N/A       94%         5
 Irradiate                Conj/Tmut      2%         3d14      98%         5
 Sublimation of Blood     Necr           Unusable   N/A       N/A         2
 Blade Hands              Tmut           Unusable   N/A       N/A         6
 Statue Form              Tmut/Erth      Unusable   N/A       N/A         6
 Dragon Form              Tmut           Unusable   N/A       N/A         7

Dungeon Overview and Level Annotations

Branches:
Dungeon (9/15)             Temple (1/1) D:4            Lair (5/6) D:8
  Swamp (0/4) Lair:3       Spider (0/4) Lair:4
  Slime: Lair:5-6       Orc: D:9-12

Altars:
Ashenzari
Cheibriados
Dithmenos
Elyvilon
Gozag
Hepliaklqana
Kikubaaqudgha
Makhleb
Nemelex Xobeh
Okawaru
Qazlal
Sif Muna
Trog
Uskayaw
Wu Jian
Xom
Yredelemnul
Zin
The Shining One

Annotations:
D:9 Maurice
Lair:4 1 runed translucent door, pokeman's ghost, journeyman DEWz


Innate Abilities, Weirdness & Mutations

Your life essence is reduced to manifest your ancestor. (-10% HP)
You are immune to poison.
Your flesh is cold resistant. (rC+)
You are immune to negative energy. (rN+++)
You are immune to unholy pain and torment.
You can survive without breathing.
You are vulnerable to heat. (rF-)
You do not drink.


Message History

A catoblepas is nearby!
A catoblepas is nearby!
The catoblepas breathes a plume of calcifying dust at you.
The blast of calcifying dust hits you.
The catoblepas gores something but does no damage.
Biggus Dickus hits the catoblepas with a +0 flail!
Biggus Dickus completely misses the catoblepas.
Biggus Dickus hits the catoblepas with a +0 flail.
The catoblepas breathes a plume of calcifying dust at you.
The blast of calcifying dust hits you but does no damage.
Biggus Dickus hits the catoblepas with a +0 flail!
There is a stone staircase leading up here.
You fly upwards.
Level annotation: 1 runed translucent door, pokeman's ghost, journeyman DEWz
There is a stone staircase leading down here.
You start resting.
Magic restored.
You start resting.
HP restored.
There is an open door here.
There is a stone staircase leading up here.
There is a stone staircase leading down here.
Unknown command.
You fly downwards.
A komodo dragon and a cane toad come into view.
The komodo dragon hisses angrily.
Found 20 gold pieces.
There is a stone staircase leading up here.
Unknown command.
Okay, then.
You fly upwards.
Level annotation: 1 runed translucent door, pokeman's ghost, journeyman DEWz
There is a stone staircase leading down here.
Okay, then.
Okay, then.
Level annotation: 1 runed translucent door, pokeman's ghost, journeyman DEWz Welcome back, sizableburger the Mummy Hunter.
Hepliaklqana says: Your past becomes your present!
Press ? for a list of commands and other information.
Are you sure you want to abandon this character and quit the game? (Confirm with "yes".)

....#..##
##.......#####........#
.......# #P###+..#
#.##.##### #.#.####
###...### ##...# ###..#
#....# ##..## ##..##
##..### ###.#.####
#..## ##...######
##.....#..# #.##
#.......#.###...#......
#..#
#P.......###.......#.#.
#.##
#.[...@.###..##..#.....
#.#
#.......#...........^##
..#
#.........##.#.#..####
..##
#P.......#.##.##.###
#.P##
####..##########...##
#+..## #...# ###..PP###
.....# ##..#
###........P .....##
###..#####...........
......#
#.##+##P#...........#


There were no monsters in sight!

Vanquished Creatures
  Fannar (Lair:2)
  Harold (D:9)
  Urug (Lair:3)
  3 elephants (Lair:3)
  A centaur zombie (D:7)
  3 cane toads (Lair:2)
  A komodo dragon (Lair:5)
  2 jumping spiders (Lair:4)
  5 blink frogs
  A polar bear (Lair:5)
  A troll (D:8)
  A shadow (D:5)
  2 wyverns
  A redback (Lair:4)
  Sigmund (D:5)
  3 yaks
  A basilisk (Lair:3)
  Edmund (D:5)
  3 water moccasins
  An orc warrior (D:5)
  A black bear (D:4)
  A sky beast (D:5)
  3 ogres
  2 centaurs
  5 wolves
  A kobold brigand (D:9)
  3 bullfrogs
  2 scorpions (D:6)
  2 water moccasin skeletons
  4 killer bees
  4 electric eels (D:8)
  A howler monkey (D:9)
  A centaur skeleton (D:7)
  3 hounds
  3 orc priests
  A jelly (D:5)
  Crazy Yiuf (D:2)
  An iguana (D:5)
  Terence (D:3)
  3 orc wizards
  A howler monkey zombie (D:7)
  Robin (D:4)
  7 gnolls
  5 adders
  A howler monkey skeleton (D:4)
  A shadow imp (D:6)
  2 white imps
  3 ufetubi
  2 dart slugs
  18 orcs
  7 ball pythons
  6 bats
  3 endoplasms
  5 giant cockroaches
  14 goblins
  8 hobgoblins
  4 jackals
  A quokka (D:1)
  4 frilled lizards
  7 kobolds
  6 rats
183 creatures vanquished.

Vanquished Creatures (collateral kills)
  A hydra (Lair:5)
  A boulder beetle (Lair:3)
  A fire crab (Lair:5)
  2 bog bodies (Lair:3)
  A black mamba (Lair:4)
  4 cane toads
  A rime drake (Lair:4)
  A kobold demonologist (D:9)
  A komodo dragon (Lair:3)
  A hornet (D:9)
  7 blink frogs
  Grinder (D:5)
  2 wyverns (Lair:1)
  2 basilisks (Lair:2)
  6 yaks
  A water moccasin (Lair:1)
  A centaur (D:9)
  2 wolves (Lair:2)
  6 bullfrogs
  2 howler monkeys
  2 jellies
  2 orc priests (D:7)
  A centaur zombie (D:8)
  5 hounds
  A centaur skeleton (D:7)
  2 iguanas
  3 orc wizards
  3 gnolls (D:7)
  2 orcs (D:7)
  2 kobolds (D:9)
67 creatures vanquished.

Vanquished Creatures (others)
  2 dancing weapons (D:7)
  5 knights
  5 ancestors
  16 fungi
  12 plants
  2 withered plants (Lair:4)
42 creatures vanquished.

Grand Total: 292 creatures vanquished

Notes
Turn   | Place    | Note
-------+----------+-------------------------------------------
     0 | D:1      | sizableburger the Mummy Hunter began the quest for the Orb.
     0 | D:1      | Reached XP level 1. HP: 16/16 MP: 1/1
   476 | D:1      | Reached XP level 2. HP: 22/22 MP: 2/2
  1024 | D:1      | Reached skill level 1 in Short Blades
  1498 | D:1      | Reached XP level 3. HP: 26/28 MP: 3/3
  2460 | D:2      | Found a runed translucent door.
  2461 | D:2      | Noticed Crazy Yiuf
  2464 | D:2      | Identified a scroll of acquirement
  2464 | D:2      | Acquired a manual of Throwing
  2628 | D:2      | Reached skill level 1 in Spellcasting
  2628 | D:2      | Reached XP level 4. HP: 29/34 MP: 5/5
  3944 | D:3      | Learned a level 3 spell: Confusing Touch
  3966 | D:3      | Noticed Terence
  3972 | D:3      | Killed Terence
  3973 | D:3      | Reached skill level 4 in Throwing
  4485 | D:3      | Found a snail-covered altar of Cheibriados.
  4546 | D:3      | Found an opulent altar of Gozag.
  4908 | D:4      | Noticed a black bear
  4914 | D:4      | Killed a black bear
  4915 | D:4      | Reached skill level 1 in Hexes
  4915 | D:4      | Reached XP level 5. HP: 40/40 MP: 6/6
  4973 | D:4      | Noticed an ogre
  5003 | D:4      | Killed an ogre
  5004 | D:4      | Reached skill level 5 in Throwing
  5004 | D:4      | Reached XP level 6. HP: 46/46 MP: 7/7
  5135 | D:4      | Noticed Robin
  5272 | D:4      | Killed Robin
  5742 | D:4      | Found a staircase to the Ecumenical Temple.
  5868 | Temple   | Entered the Ecumenical Temple
  6605 | D:5      | Entered Level 5 of the Dungeon
  6820 | D:5      | Found a bloodstained altar of Trog.
  6840 | D:5      | Reached XP level 7. HP: 45/51 MP: 5/8
  7314 | D:5      | Found a shadowy altar of Dithmenos.
  7672 | D:2      | Killed Crazy Yiuf
  7673 | D:2      | Reached skill level 1 in Evocations
  7746 | D:5      | Noticed a shadow
  7770 | D:5      | Killed a shadow
  7771 | D:5      | Reached skill level 6 in Throwing
  7892 | D:5      | Reached skill level 1 in Shields
  7973 | D:5      | Found a hazy altar of Hepliaklqana.
  8075 | D:5      | Became a worshipper of Hepliaklqana the Forgotten
  8140 | D:5      | Noticed Edmund
  8158 | D:5      | Killed Edmund
  8162 | D:5      | Reached XP level 8. HP: 40/51 MP: 5/9
  8595 | D:5      | Noticed Grinder
  8647 | D:5      | Killed Grinder
  8648 | D:5      | Reached skill level 7 in Throwing
  8648 | D:5      | Reached skill level 1 in Invocations
  8686 | D:5      | Noticed Sigmund
  8795 | D:5      | Killed Sigmund
  9025 | D:6      | Found an iron altar of Okawaru.
  9265 | D:6      | Reached * piety under Hepliaklqana
  9604 | D:6      | Reached XP level 9. HP: 44/55 MP: 10/10
  9813 | D:6      | Learned a level 3 spell: Tukima's Dance
  9869 | D:7      | Reached skill level 5 in Short Blades
  9882 | D:7      | Reached skill level 8 in Throwing
 11970 | D:8      | Noticed a troll
 11977 | D:8      | Killed a troll
 11978 | D:8      | Reached skill level 9 in Throwing
 12615 | D:8      | Found a staircase to the Lair.
 12941 | D:8      | Found a burning altar of Makhleb.
 13119 | D:8      | Reached ** piety under Hepliaklqana
 13120 | D:8      | Remembered your ancestor Biggus Dickus as a knight
 13812 | D:9      | Noticed a kobold demonologist
 13827 | D:9      | Killed a kobold demonologist
 13828 | D:9      | Reached XP level 10. HP: 56/64 MP: 11/14
 13848 | D:9      | Learned a level 2 spell: Ensorcelled Hibernation
 13994 | D:9      | Reached *** piety under Hepliaklqana
 14161 | D:9      | Noticed Harold
 14174 | D:9      | Killed Harold
 14175 | D:9      | Reached skill level 1 in Ice Magic
 14685 | D:9      | Noticed Maurice
 15039 | Lair:1   | Entered Level 1 of the Lair of Beasts
 15064 | Lair:1   | Reached skill level 5 in Fighting
 15510 | Lair:1   | Reached skill level 1 in Slings
 15576 | Lair:1   | Reached skill level 5 in Spellcasting
 15631 | Lair:1   | Noticed a cane toad
 15639 | Lair:1   | Killed a cane toad
 16823 | Lair:2   | Noticed a cane toad
 16835 | Lair:2   | Killed a cane toad
 17130 | Lair:2   | Reached **** piety under Hepliaklqana
 17197 | Lair:2   | Reached XP level 11. HP: 67/72 MP: 14/19
 17792 | Lair:2   | Noticed Fannar
 18120 | Lair:3   | Learned a level 5 spell: Metabolic Englaciation
 18209 | Lair:3   | Reached skill level 5 in Evocations
 18213 | Lair:3   | Reached skill level 5 in Hexes
 18554 | Lair:3   | Noticed a boulder beetle
 18564 | Lair:3   | Killed a boulder beetle
 19310 | Lair:3   | Noticed Urug
 19708 | Lair:3   | Found a staircase to the Swamp.
 19708 | Lair:3   | Noticed a bog body
 19709 | Lair:3   | Noticed a bog body
 19718 | Lair:3   | Killed a bog body
 19721 | Lair:3   | Killed a bog body
 20078 | Lair:3   | Killed Urug
 20079 | Lair:3   | Reached skill level 5 in Ice Magic
 20688 | Lair:2   | Killed Fannar
 21063 | Lair:2   | Reached XP level 12. HP: 78/81 MP: 21/21
 21517 | Lair:4   | Reached ***** piety under Hepliaklqana
 22229 | Lair:4   | Found a runed translucent door.
 22229 | Lair:4   | Noticed pokeman's ghost (journeyman DEWz)
 22726 | Lair:4   | Found a hole to the Spider Nest.
 23896 | Lair:5   | Noticed a four-headed hydra
 23896 | Lair:5   | Noticed a catoblepas
 24823 | Lair:5   | Learned a level 2 spell: Corpse Rot
 24846 | Lair:5   | Killed a four-headed hydra
 24847 | Lair:5   | Reached skill level 1 in Necromancy
 25134 | Lair:4   | Quit the game

Illustrated notes

Levels and vault maps discovered:
D:1:      wander_arrival_estate, layout_basic
D:2:      layout_basic, uniq_crazy_yiuf_cottage
D:3:      layout_loops_ring, cheibrodos_worm_habitat, lemuel_tele_altar,
          uniq_terence
D:4:      layout_basic, temple_green, uniq_robin
D:5:      layout_loops_ring, nicolae_dithmenos_shadow_blocks,
          amcnicky_altar_gilded, old_standard_altar, st_stairs_13,
          kennysheep_generic_room_16, uniq_sigmund, uniq_grinder, uniq_edmund
D:6:      layout_loops_cross, okawaru_metal_pillars_1_2,
          nicolae_overflow_hidden_temple, kennysheep_donut, kennysheep_potato
D:7:      layout_basic
D:8:      layout_gridville, lightli_temple_of_fire, erik_lair_island,
          serial_park_tiny_1, hangedman_abyss_or_decor_passed
D:9:      layout_irregular_city, uniq_maurice, uniq_harold
Temple:   minmay_temple_bridge_abc
Lair:1:   layout_concentric_octagons, ldierk_geyser
Lair:2:   layout_cave_pods, grunt_forest_small_clearings, beast_lair_carwin_2,
          uniq_fannar
Lair:3:   layout_gridlike, skrybe_swamp_entry_bodies, grunt_megastairs_4,
          uniq_urug
Lair:4:   layout_roguey, spider_nest_entry_funnel_web, gammafunk_ghost_grave
Lair:5:   layout_long_grid, grunt_megastairs_5

Skill      XL: |  1  2  3  4  5  6  7  8  9 10 11 12 |
---------------+-------------------------------------+-----
Short Blades   | 1 2 3 4 5 6 |  6.4
Spellcasting   | 1 3 5 6 7 |  7.3
Throwing       | 4 5 6 7 9 |  9.9
Hexes          | 1 2 3 4 6 |  6.5
Evocations     | 2 3 4 6 |  6.7
Shields        | 1 3 4 |  4.0
Invocations    | 2 |  2.4
Fighting       | 4 5 7 |  7.6
Ice Magic      | 3 5 |  5.4
Slings         | 2 |  2.4
Dodging        | 2 3 |  3.4
Necromancy     | 1 |  1.0
Stealth        | |  0.7

Action                   |  1- 3 |  4- 6 |  7- 9 | 10-12 || total
-------------------------+-------+-------+-------+-------++-------
Melee: Dagger            |   220 |   185 |   308 |   280 ||   993
       Short sword       |     9 |       |       |       ||     9
 Fire: Hunting sling     |       |       |       |   130 ||   130
Throw: Javelin           |    20 |    25 |    16 |     9 ||    70
       Throwing net      |     2 |     2 |       |     6 ||    10
       Dart              |       |       |    50 |    13 ||    63
       Boomerang         |       |       |    47 |    31 ||    78
       Stone             |       |       |     2 |       ||     2
 Cast: Confusing Touch   |       |       |     2 |    10 ||    12
       Tukima's Dance    |       |       |     3 |     1 ||     4
       Ensorcelled Hiber |       |       |       |     6 ||     6
Invok: Ancestor Identity |       |       |     1 |       ||     1
       Recall Ancestor   |       |       |     1 |     3 ||     4
       Ancestor Life: Kn |       |       |     1 |       ||     1
       Transference      |       |       |       |     1 ||     1
Evoke: Wand              |       |     2 |     9 |    33 ||    44
  Use: Scroll            |     1 |     3 |     2 |     9 ||    15
 Stab: Sleeping          |     1 |       |       |       ||     1
       Held in net/web   |     1 |       |       |     4 ||     5
       Confused          |       |       |     1 |     4 ||     5
       Distracted        |       |       |       |     3 ||     3
Armor: Leather armour    |   108 |    52 |   120 |    57 ||   337
       Robe              |       |       |       |    21 ||    21
Dodge: Dodged            |   189 |    94 |   167 |   159 ||   609
Block: Buckler           |       |       |    47 |    72 ||   119

Table legend: (Time is in decaauts)
 A = Elapsed time spent in this place.
 B = Non-inter-level travel time spent in this place.
 C = Inter-level travel time spent in this place.
 D = Time resting spent in this place.
 E = Time spent auto-exploring this place.
 F = Levels seen in this place.
 G = Mean time per level.
                   A        B        C        D        E       F      G
               +--------+--------+--------+--------+--------+-----+--------+
         Total |  24964 |  22117 |   2847 |   8555 |   9808 |  15 | 1664.3 |
       Dungeon |  15961 |  13683 |   2278 |   4693 |   6354 |   9 | 1773.4 |
        Temple |    144 |    108 |     36 |      0 |    107 |   1 |  144.0 |
          Lair |   8857 |   8324 |    533 |   3861 |   3347 |   5 | 1771.4 |
               +--------+--------+--------+--------+--------+-----+--------+

Top non-repeatable levels by time:
  Lair:3: 2743 daAuts
     D:5: 2306 daAuts
     D:8: 2222 daAuts
  Lair:2: 2155 daAuts
     D:1: 2144 daAuts
     D:2: 2090 daAuts
  Lair:4: 2069 daAuts
     D:7: 1887 daAuts
     D:4: 1706 daAuts
  Lair:1: 1336 daAuts
     D:3: 1325 daAuts
     D:9: 1321 daAuts
     D:6: 957 daAuts
  Lair:5: 553 daAuts
  Temple: 144 daAuts
